 Dungeon Crawl Stone Soup version 0.30-a0-799-g109b55a442 (webtiles) character file.

Game seed: 9584969576347750076

4914 a11behringer the Basher (level 10, -2/88 HPs)
             Began as a Minotaur Fighter on Feb 21, 2023.
             Was a Follower of Makhleb.
             Slain by a troll (5 damage)
             ... on level 9 of the Dungeon.
             The game lasted 00:16:09 (6381 turns).

a11behringer the Basher (Minotaur Fighter)          Turns: 6381, Time: 00:16:10

Health: -2/88      AC: 16    Str: 29    XL:     10   Next: 27%
Magic:  0/13       EV:  9    Int:  5    God:    Makhleb [*.....]
Gold:   423        SH:  6    Dex:  5    Spells: 9/9 levels left

rFire   . . .      SeeInvis .    l - +11 mace "Hoffinits" {freeze, rPois rC++ rCorr Dex-5}
rCold   + + .      Faith    .    c - +1 buckler
rNeg    . . .      Spirit   +    q - +0 chain mail
rPois   +          Reflect  .    (helmet restricted)
rElec   .          Harm     .    C - +0 cloak {Stlth+}
rCorr   +          Rampage  .    (no gloves)
Will    .....                    (no boots) Stlth
                                 n - amulet of guardian spirit
HPRegen 0.34/turn                u - ring "Unyl" {rCorr Str+4}
MPRegen 0.13/turn                w - +4 ring of protection

@: no status effects
A: horns 2, retaliatory headbutt
a: Renounce Religion


You were on level 9 of the Dungeon.
You worshipped Makhleb.
Makhleb was aware of your devotion.
You visited 2 branches of the dungeon, and saw 10 of its levels.

You collected 423 gold pieces.

Inventory:

Hand Weapons
 a - a +0 flail
 l - the +11 mace "Hoffinits" (weapon) {freeze, rPois rC++ rCorr Dex-5}
   (You found it on level 2 of the Dungeon)

   Dex:       It affects your dexterity (-5).
   rC:        It greatly protects you from cold.
   rPois:     It protects you from poison.
   rCorr:     It protects you from acid and corrosion.
 z - a +3 flail
Missiles
 A - 2 throwing nets (quivered)
Armour
 b - a +0 scale mail
 c - a +1 buckler (worn)
 q - a +0 chain mail (worn)
 C - a +0 cloak of stealth (worn)
Jewellery
 n - an amulet of guardian spirit (around neck)
 u - the ring "Unyl" (left hand) {rCorr Str+4}
   (You found it on level 4 of the Dungeon)

   [ring of resist corrosion]

   Str:       It affects your strength (+4).
   rCorr:     It protects you from acid and corrosion.
 w - a +4 ring of protection (right hand)
 H - a ring of magical power
 K - a +5 ring of evasion
Wands
 v - a wand of iceblast (11)
Scrolls
 e - 3 scrolls of enchant armour
 f - a scroll of vulnerability {unknown}
 g - a scroll of fog {unknown}
 h - 3 scrolls of acquirement {unknown}
 i - 8 scrolls of identify {unknown}
 j - 2 scrolls of brand weapon {unknown}
 m - a scroll of immolation {unknown}
 o - 2 scrolls of torment {unknown}
 p - 4 scrolls of teleportation {unknown}
 r - 2 scrolls of fear {unknown}
 x - a scroll of enchant weapon {unknown}
 y - a scroll of blinking {unknown}
 D - a scroll of amnesia {unknown}
 F - a scroll of noise {unknown}
Potions
 d - 2 potions of might
 k - 4 potions of haste {unknown}
 s - 2 potions of attraction {unknown}
 t - a potion of invisibility {unknown}
 B - 3 potions of curing {unknown}
 E - a potion of experience {unknown}
 G - a potion of lignification {unknown}
 I - a potion of ambrosia {unknown}
 J - a potion of mutation {unknown}


   Skills:
 + Level 7.9 Fighting
 * Level 10.3 Maces & Flails
 + Level 8.1 Armour
 - Level 4.0 Dodging
 + Level 8.0 Shields
 * Level 6.1 Invocations


You had 9 spell levels left.
You didn't know any spells.
Your spell library contained the following spells:

 Spells                   Type           Power      Damage    Failure   Level
 Apportation              Tloc           0%         N/A       96%         1
 Frozen Ramparts          Ice            0%         1d1       100%        3
 Inner Flame              Hex/Fire       0%         N/A       100%        3
 Flame Wave               Conj/Fire      0%         2d4       100%        4
 Ice Form                 Ice/Tmut       0%         N/A       100%        4
 Olgreb's Toxic Radiance  Pois           0%         N/A       100%        4
 Sticky Flame             Conj/Fire      0%         2d3       100%        4
 Summon Ice Beast         Ice/Summ       0%         N/A       100%        4
 Alistair's Intoxication  Tmut/Pois      0%         N/A       100%        5
 Ozocubu's Refrigeration  Ice            0%         4d7       100%        7
 Ignition                 Fire           0%         3d3       100%        8


Dungeon Overview and Level Annotations

Branches:
Dungeon (9/15)             Temple (1/1) D:5            Lair (0/5) D:8
    Orc: D:9-12

Altars:
Ashenzari
Cheibriados
Dithmenos
Fedhas
Gozag
Hepliaklqana
Kikubaaqudgha
Makhleb
Nemelex Xobeh
Qazlal
Ru
Trog
Uskayaw
Vehumet
Wu Jian
Yredelemnul
Zin
The Shining One

Shops:
D:3 ?:=[   D:5 [*?   D:7 ?   D:8 *?*?   D:9 [


Innate Abilities, Weirdness & Mutations

You have a pair of horns on your head.
You reflexively headbutt those who attack you in melee.


Message History

You block the troll's attack. The troll claws you! x2
You barely miss the troll.
The killer bee buzzes angrily.
A killer bee comes into view.
You block the troll's attack. The troll barely misses you. The troll claws you!
* * * LOW HITPOINT WARNING * * *
A killer bee comes into view.
The killer bee buzzes angrily. x2
You hit the troll. You freeze the troll. Your headbutt misses the troll.
The troll is lightly wounded.
The troll bites you!
* * * LOW HITPOINT WARNING * * *
The troll claws you.
* * * LOW HITPOINT WARNING * * *
The troll claws you but does no damage. The orc hits you but does no damage.
A killer bee comes into view.
You closely miss the troll.
The killer bee buzzes angrily.
Your headbutt misses the troll.
The troll is lightly wounded.
The troll barely misses you. The troll claws you but does no damage.
The troll claws you.
* * * LOW HITPOINT WARNING * * *
The orc wizard mumbles some strange words.
The orc wizard flickers and vanishes!
Deactivating autopickup; reactivate with Ctrl-A.
The killer bee stings you but does no damage.
The troll bites you but does no damage. You block the troll's attack.
The troll claws you but does no damage. The orc hits you but does no damage.
The troll attacks as you move away! The troll bites you but does no damage.
The troll claws you but does no damage. The troll barely misses you.
The troll attacks as you move away! The troll barely misses you.
The troll claws you but does no damage. The troll claws you!
* * * LOW HITPOINT WARNING * * *
As you read the scroll labelled MOYTARR ATRA, it crumbles to dust.
It is a scroll of enchant armour.
Your +0 buckler glows green for a moment.
The troll barely misses you. The troll claws you.
You die...

#. #. .#.###. #
....... y. ....... ..
......< y# #
.......###..# #.
.........y.# .##.####
#......o######
.......######
......#yyoT@.##
#.......... #....
######..#######.......
...> ##.).............
### #...............#
#.#####..####....#
...#...#..# #....# #.#
#.>.#.## #....# #..
#...#.# ###### ...
#.∩.#.#


You could see a troll, 2 killer bees and 2 orcs.

Vanquished Creatures
  A two-headed ogre (D:8)
  Prince Ribbit (D:4)
  A wyvern (D:8)
  10 yaks (D:9)
  A steam dragon (D:6)
  2 water moccasins (D:7)
  2 ice beasts
  A black bear (D:5)
  A sky beast (D:8)
  3 ogres
  5 centaurs
  A necrophage (D:7)
  3 bullfrogs
  2 scorpions
  A howler monkey (D:4)
  An electric eel (D:6)
  3 hounds
  2 jellies (D:6)
  4 orc priests
  Crazy Yiuf (D:5)
  3 iguanas
  5 orc wizards
  4 gnolls (D:5)
  12 adders
  A white imp (D:6)
  2 ufetubi (D:5)
  2 dart slugs
  31 orcs
  6 ball pythons
  5 bats
  2 endoplasms
  4 giant cockroaches
  6 hobgoblins
  4 jackals (D:2)
  4 kobolds
  2 quokkas
  4 frilled lizards
  3 goblins
  2 rats (D:1)
148 creatures vanquished.

Notes
Turn   | Place    | Note
-------+----------+-------------------------------------------
     0 | D:1      | a11behringer the Minotaur Fighter began the quest for the
                  | Orb.
     0 | D:1      | Reached XP level 1. HP: 19/19 MP: 0/0
   349 | D:1      | Reached XP level 2. HP: 27/27 MP: 1/1
   837 | D:2      | Reached skill level 3 in Maces & Flails
   925 | D:2      | Identified the +11 mace "Hoffinits" {freeze, rPois rC++
                  | rCorr Dex-5}
   946 | D:2      | Reached XP level 3. HP: 33/33 MP: 2/2
   965 | D:2      | Reached skill level 1 in Dodging
  1005 | D:2      | Found a faded altar of an unknown god.
  1259 | D:2      | Reached XP level 4. HP: 40/40 MP: 3/3
  1447 | D:3      | Reached skill level 4 in Maces & Flails
  1501 | D:3      | Found Pad Syph's Book Boutique.
  1556 | D:3      | Found Nabucw's Jewellery Shop.
  1639 | D:3      | Reached XP level 5. HP: 47/47 MP: 4/4
  1679 | D:3      | Found Zabrinum's Armour Boutique.
  1919 | D:3      | Found Fenukouj's Magic Scroll Emporium.
  2154 | D:4      | Identified the ring "Unyl" {rCorr Str+4}
  2375 | D:4      | Found a shadowy altar of Dithmenos.
  2380 | D:4      | Found a sparkling altar of Nemelex Xobeh.
  2400 | D:4      | Reached XP level 6. HP: 53/53 MP: 5/5
  2468 | D:4      | Reached skill level 5 in Maces & Flails
  2608 | D:4      | Reached skill level 5 in Armour
  2763 | D:5      | Entered Level 5 of the Dungeon
  2763 | D:5      | Found a staircase to the Ecumenical Temple.
  2764 | D:5      | Noticed Prince Ribbit
  2787 | D:3      | Reached skill level 5 in Shields
  2948 | D:4      | Killed Prince Ribbit
  2949 | D:4      | Reached skill level 5 in Fighting
  2949 | D:4      | Reached XP level 7. HP: 24/61 MP: 2/6
  3088 | D:5      | Reached skill level 6 in Maces & Flails
  3501 | D:5      | Reached XP level 8. HP: 70/70 MP: 7/7
  3524 | D:5      | Found Lusyor's Magic Scroll Boutique.
  3598 | D:5      | Found Hugaosaf's Armour Shoppe.
  3632 | D:5      | Reached skill level 7 in Maces & Flails
  3702 | Temple   | Entered the Ecumenical Temple
  3715 | Temple   | Became a worshipper of Makhleb the Destroyer
  3802 | D:5      | Found Baakh's General Store.
  3996 | D:5      | Found a runed translucent door.
  3997 | D:5      | Noticed Crazy Yiuf
  4003 | D:5      | Killed Crazy Yiuf
  4121 | D:6      | Reached skill level 1 in Invocations
  4272 | D:6      | Found an ancient bone altar of Kikubaaqudgha.
  4568 | D:6      | Reached skill level 8 in Maces & Flails
  4777 | D:6      | Found a radiant altar of Vehumet.
  5049 | D:7      | Found Iqediapt's Magic Scroll Boutique.
  5074 | D:7      | Reached XP level 9. HP: 78/78 MP: 10/10
  5450 | D:8      | Found Ilioq Uha's Magic Scroll Shoppe.
  5452 | D:8      | Found Yluomp's Magic Scroll Boutique.
  5454 | D:8      | Found Quill's General Store.
  5454 | D:8      | Found Muem's General Store.
  5561 | D:8      | Found a staircase to the Lair.
  5563 | D:8      | Noticed a two-headed ogre
  5571 | D:8      | Killed a two-headed ogre
  5571 | D:8      | Reached * piety under Makhleb
  5572 | D:8      | Reached skill level 9 in Maces & Flails
  5678 | D:8      | Found a broken altar of Ashenzari.
  6083 | D:8      | Reached skill level 5 in Invocations
  6236 | D:9      | Found a blossoming altar of Fedhas.
  6285 | D:9      | Reached XP level 10. HP: 68/86 MP: 7/13
  6291 | D:9      | Reached skill level 10 in Maces & Flails
  6362 | D:9      | Found Nuamirin's Armour Emporium.
  6380 | D:9      | HP: 2/88 [troll (9)]
  6381 | D:9      | Slain by a troll

Illustrated notes

Levels and vault maps discovered:
D:1:      minmay_arrival_three_doors, layout_loops_corners
D:2:      layout_loops_ring, ebering_ecumenical_altar_ruins,
          minmay_split_cup_small
D:3:      layout_loops_ring, serial_shops, shop, shop_fountains, shop,
          nicolae_square_shop
D:4:      layout_rooms, overflow_temple_1_default, old_standard_altar,
          kennysheep_donut
D:5:      layout_loops_ring, minmay_temple_entry_statues_fountains,
          serial_shops, kennysheep_mini, shop, shop_statue,
          serial_bayou_crossing, uniq_crazy_yiuf_cottage, uniq_prince_ribbit1
D:6:      layout_cave_pools, nicolae_kikubaaqudgha_miasma_corner,
          mainiacjoe_overflow_chevrons, minmay_misc_feat_four_crosses,
          kennysheep_boxes
D:7:      layout_cave_pools, serial_shops, nicolae_square_shop, nicolae_titane
D:8:      layout_basic, nicolae_ashenzari_skybound, lair_entry_dummy,
          nicolae_wooded_promenade, grunt_ministairs_11, minmay_misc_feat_plants
D:9:      layout_rooms, elyvilon_altar_4, lemuel_crystal_altar,
          amcnicky_altar_gilded, serial_shops, nicolae_take_the_stairs,
          enter_bailey_3, nicolae_specific_store
Temple:   hellmonk_temple_two_chambers

Skill      XL: |  1  2  3  4  5  6  7  8  9 10 |
---------------+-------------------------------+-----
Maces & Flails | 3 4 5 6 8 9 10 | 10.3
Armour         | 4 5 6 7 8 |  8.1
Fighting       | 4 5 6 7 |  7.9
Dodging        | 1 2 3 4 |  4.0
Shields        | 4 5 6 7 8 |  8.0
Invocations    | 3 5 6 |  6.1

Action                     |  1- 3 |  4- 6 |  7- 9 | 10-12 || total
---------------------------+-------+-------+-------+-------++-------
  Melee: Flail             |    51 |       |       |       ||    51
         Headbutt          |     6 |     7 |    12 |     5 ||    30
         Mace              |    15 |    71 |   151 |    30 ||   267
    Use: Scroll            |       |       |       |     1 ||     1
 Armour: Scale mail        |    32 |       |       |       ||    32
         Chain mail        |       |    45 |    69 |    19 ||   133
  Dodge: Dodged            |    27 |    32 |    72 |    11 ||   142
  Block: Buckler           |    17 |    14 |    19 |     5 ||    55

Table legend: (Time is in decaauts)
 A = Elapsed time spent in this place.
 B = Non-inter-level travel time spent in this place.
 C = Inter-level travel time spent in this place.
 D = Time resting spent in this place.
 E = Time spent auto-exploring this place.
 F = Levels seen in this place.
 G = Mean time per level.
                   A        B        C        D        E       F      G
               +--------+--------+--------+--------+--------+-----+--------+
         Total |   6438 |   5943 |    495 |      0 |   5083 |  10 |  643.8 |
       Dungeon |   6420 |   5940 |    480 |      0 |   5083 |   9 |  713.3 |
        Temple |     17 |      2 |     15 |      0 |      0 |   1 |   17.0 |
               +--------+--------+--------+--------+--------+-----+--------+

Top non-repeatable levels by time:
     D:5: 1033 daAuts
     D:6: 904 daAuts
     D:4: 841 daAuts
     D:1: 838 daAuts
     D:3: 813 daAuts
     D:8: 795 daAuts
     D:2: 609 daAuts
     D:7: 442 daAuts
     D:9: 142 daAuts
  Temple: 17 daAuts
